TOP OF THE 1ST |
---|
Calgary Cowboys batting - Pitching for Mile High Broncos : RHP Hokusai Nakashima | Pitching: RHP Hokusai Nakashima | | Batting: RHB Luis Ibarra | 0-0: Foul Ball, location: 2F 0-1: Ball 1-1: Foul Ball, location: 2F 1-2: Foul Ball, location: 2F 1-2: Ball 2-2: Foul Ball, location: 2F 2-2: SINGLE (Line Drive, 4) | Batting: LHB Del Kennedy | 0-0: Foul Ball, location: 2F 0-1: Ball 1-1: Called Strike 1-2: Strikes out swinging | Batting: RHB Tom Rowe | 0-0: SINGLE (Groundball, 56S) (infield hit) Luis Ibarra to second | Batting: LHB Fred Abrams | 0-0: Called Strike 0-1: Ball 1-1: Ball 2-1: Ball 3-1: Called Strike 3-2: Strikes out swinging | Batting: RHB Paul Swift | 0-0: Fielders Choice at 2nd, 6-4 (Groundball, 6) | Top of the 1st over - 0 runs, 2 hits, 0 errors, 2 left on base; Calgary 0 - Mile High 0 | BOTTOM OF THE 1ST |
---|
Mile High Broncos batting - Pitching for Calgary Cowboys : LHP Dave Watkins | Pitching: LHP Dave Watkins | | Batting: LHB Tony Báez | 0-0: Called Strike 0-1: Swinging Strike 0-2: Strikes out swinging | Batting: LHB Jim Knight | 0-0: Called Strike 0-1: Swinging Strike 0-2: Strikes out swinging | Batting: RHB Rodney González | 0-0: Ball 1-0: SINGLE (Groundball, 6MD) | Batting: RHB António Martínez | 0-0: Ball 1-0: Swinging Strike 1-1: Called Strike 1-2: Strikes out swinging | Bottom of the 1st over - 0 runs, 1 hit, 0 errors, 1 left on base; Calgary 0 - Mile High 0 | TOP OF THE 2ND |
---|
Calgary Cowboys batting - Pitching for Mile High Broncos : RHP Hokusai Nakashima | Batting: LHB Russell Peck | 0-0: Ball 1-0: Called Strike 1-1: Called Strike 1-2: Ball 2-2: Foul Ball, location: 2F 2-2: Ground out 4-3 (Groundball, 4) | Batting: LHB Freddy Herrera | 0-0: Ball 1-0: Ball 2-0: Swinging Strike 2-1: Ball 3-1: SINGLE (Line Drive, 6) | Batting: RHB Mario Sánchez | 0-0: Ball Wild Pitch! Freddy Herrera to second 1-0: SINGLE (Line Drive, 8RS) Freddy Herrera to third Runner from 3rd tries for Home, SAFE, throw made home | Batting: RHB Travis Colbert | 0-0: Ball 1-0: SINGLE (Groundball, 56D) Mario Sánchez to second | Batting: RHB Luis Ibarra | 0-0: Called Strike 0-1: Foul Ball, location: 2F 0-2: Ball 1-2: SINGLE (Groundball, 6MD) Mario Sánchez to third Travis Colbert to second Runner from 3rd tries for Home, SAFE, throw made home | Batting: LHB Del Kennedy | 0-0: Called Strike 0-1: Ball Wild Pitch! Travis Colbert to third Luis Ibarra to second 1-1: Ball 2-1: Foul Ball, location: 2F 2-2: Strikes out swinging | Batting: RHB Tom Rowe | 0-0: Ball 1-0: Ball 2-0: Called Strike 2-1: Called Strike 2-2: Ball 3-2: Fly out, F8 (Line Drive, 8RXD) | Top of the 2nd over - 2 runs, 4 hits, 0 errors, 2 left on base; Calgary 2 - Mile High 0 | BOTTOM OF THE 2ND |
---|
Mile High Broncos batting - Pitching for Calgary Cowboys : LHP Dave Watkins | Batting: SHB Michael Field | 0-0: Called Strike 0-1: Ball 1-1: Fly out, F7 (Line Drive, 7LM) | Batting: RHB Su-kweon Yu | 0-0: Ball 1-0: Fly out, F7 (Line Drive, 7) | Batting: RHB Luis Ramos | 0-0: Swinging Strike 0-1: Ball 1-1: Fly out, F2 (Popup, 2LF) | Bottom of the 2nd over - 0 runs, 0 hits, 0 errors, 0 left on base; Calgary 2 - Mile High 0 | TOP OF THE 3RD |
---|
Calgary Cowboys batting - Pitching for Mile High Broncos : RHP Hokusai Nakashima | Batting: LHB Fred Abrams | 0-0: Called Strike 0-1: Ball 1-1: Swinging Strike 1-2: Strikes out swinging | Batting: RHB Paul Swift | 0-0: Ball 1-0: Ball 2-0: Called Strike 2-1: Ball 3-1: Called Strike 3-2: Ground out 6-3 (Groundball, 6) | Batting: LHB Russell Peck | 0-0: Ball 1-0: Swinging Strike 1-1: Ball 2-1: Ball 3-1: Called Strike 3-2: Fly out, F6 (Popup, 6MS) | Top of the 3rd over - 0 runs, 0 hits, 0 errors, 0 left on base; Calgary 2 - Mile High 0 | BOTTOM OF THE 3RD |
---|
Mile High Broncos batting - Pitching for Calgary Cowboys : LHP Dave Watkins | Batting: LHB Jesús González | 0-0: Ball 1-0: Foul Ball, location: 2F 1-1: Called Strike 1-2: Ball 2-2: Foul Ball, location: 2F 2-2: Strikes out swinging | Batting: SHB Paco Martínez | 0-0: Called Strike 0-1: Swinging Strike 0-2: Ground out 5-3 (Groundball, 56) | Batting: LHB Tony Báez | 0-0: Called Strike 0-1: Ball 1-1: Swinging Strike 1-2: Ground out 5-3 (Groundball, 56) | Bottom of the 3rd over - 0 runs, 0 hits, 0 errors, 0 left on base; Calgary 2 - Mile High 0 | TOP OF THE 4TH |
---|
Calgary Cowboys batting - Pitching for Mile High Broncos : RHP Hokusai Nakashima | Batting: LHB Freddy Herrera | 0-0: Ball 1-0: Ball 2-0: Called Strike 2-1: Bunt for hit - play at first, batter OUT! 2-3 | Batting: RHB Mario Sánchez | 0-0: Foul Ball, location: 2F 0-1: Ball 1-1: Fly out, F7 (Line Drive, 7LM) | Batting: RHB Travis Colbert | 0-0: Ball 1-0: Ball 2-0: Ground out 1-3 (Groundball, 13) | Top of the 4th over - 0 runs, 0 hits, 0 errors, 0 left on base; Calgary 2 - Mile High 0 | BOTTOM OF THE 4TH |
---|
Mile High Broncos batting - Pitching for Calgary Cowboys : LHP Dave Watkins | Batting: LHB Jim Knight | 0-0: Ball 1-0: Ball 2-0: Foul Ball, location: 2F 2-1: Ball 3-1: Swinging Strike 3-2: Base on Balls | Batting: RHB Rodney González | 0-0: Ball 1-0: Ball 2-0: DOUBLE (Line Drive, 89XD) Jim Knight to third | Batting: RHB António Martínez | 0-0: Ball 1-0: Swinging Strike 1-1: Foul Ball, location: 2F 1-2: Ball 2-2: Foul Ball, location: 2F 2-2: Foul Ball, location: 2F 2-2: Fly out, F9 (Flyball, 89S) | Batting: SHB Michael Field | 0-0: Hit by Pitch | Batting: RHB Su-kweon Yu | 0-0: Ball 1-0: Ball 2-0: Called Strike 2-1: Ball 3-1: Called Strike 3-2: Foul Ball, location: 2F 3-2: Foul Ball, location: 2F 3-2: Foul Ball, location: 2F 3-2: Base on Balls Jim Knight scores Rodney González to third Michael Field to second | Batting: RHB Luis Ramos | 0-0: Called Strike 0-1: Ball 1-1: Called Strike 1-2: Ball 2-2: Ball 3-2: Strikes out swinging | Batting: LHB Jesús González | 0-0: Ball 1-0: Ball 2-0: Called Strike 2-1: Swinging Strike 2-2: Foul Ball, location: 2F 2-2: Ball 3-2: Base on Balls Rodney González scores Michael Field to third Su-kweon Yu to second | Batting: SHB Paco Martínez | 0-0: Foul Ball, location: 2F 0-1: Ball 1-1: Swinging Strike 1-2: GRAND SLAM HOME RUN (Flyball, 7D), Distance : 359 ft | Batting: LHB Tony Báez | 0-0: Ball 1-0: Foul Ball, location: 2F 1-1: Foul Ball, location: 2F 1-2: Strikes out swinging | Bottom of the 4th over - 6 runs, 2 hits, 0 errors, 0 left on base; Calgary 2 - Mile High 6 | TOP OF THE 5TH |
---|
Calgary Cowboys batting - Pitching for Mile High Broncos : RHP Hokusai Nakashima | Batting: RHB Luis Ibarra | 0-0: Ball 1-0: Ball 2-0: Called Strike 2-1: Called Strike 2-2: Foul Ball, location: 2F 2-2: Fly out, F7 (Flyball, 7) | Batting: LHB Del Kennedy | 0-0: Foul Ball, location: 2F 0-1: Called Strike 0-2: Strikes out swinging | Batting: RHB Tom Rowe | 0-0: Ball 1-0: Fly out, F8 (Flyball, 8RD) | Top of the 5th over - 0 runs, 0 hits, 0 errors, 0 left on base; Calgary 2 - Mile High 6 | BOTTOM OF THE 5TH |
---|
Mile High Broncos batting - Pitching for Calgary Cowboys : LHP Dave Watkins | Pitching: LHP Takayuki Ine | | Batting: LHB Jim Knight | 0-0: Ball 1-0: Ball 2-0: Called Strike 2-1: Foul Ball, location: 2F 2-2: Ground out U3 (Groundball, 3) | Batting: RHB Rodney González | 0-0: Swinging Strike 0-1: Fly out, F8 (Flyball, 89M) | Batting: RHB António Martínez | 0-0: Ball 1-0: Ball 2-0: Fly out, F7 (Line Drive, 7) | Bottom of the 5th over - 0 runs, 0 hits, 0 errors, 0 left on base; Calgary 2 - Mile High 6 | TOP OF THE 6TH |
---|
Calgary Cowboys batting - Pitching for Mile High Broncos : RHP Hokusai Nakashima | Batting: LHB Fred Abrams | 0-0: Ball 1-0: SOLO HOME RUN (Flyball, 9D), Distance : 368 ft | Batting: RHB Paul Swift | 0-0: Foul Ball, location: 2F 0-1: Swinging Strike 0-2: Foul Ball, location: 2F 0-2: Ball 1-2: Strikes out swinging | Batting: LHB Russell Peck | 0-0: Swinging Strike 0-1: Ball 1-1: Called Strike 1-2: Foul Ball, location: 2F 1-2: Foul Ball, location: 2F 1-2: Foul Ball, location: 2F 1-2: Foul Ball, location: 2F 1-2: Foul Ball, location: 2F 1-2: Ball 2-2: SINGLE (Groundball, 56D) | Batting: LHB Freddy Herrera | 0-0: Called Strike 0-1: Swinging Strike 0-2: Ball 1-2: Strikes out looking | Batting: RHB Mario Sánchez | 0-0: Ball 1-0: SINGLE (Line Drive, 6D) Russell Peck to second | Batting: RHB Travis Colbert | 0-0: Foul Ball, location: 2F 0-1: Ball 1-1: Ball 2-1: Foul Ball, location: 2F 2-2: Ball 3-2: Strikes out swinging | Top of the 6th over - 1 run, 3 hits, 0 errors, 2 left on base; Calgary 3 - Mile High 6 | BOTTOM OF THE 6TH |
---|
Mile High Broncos batting - Pitching for Calgary Cowboys : LHP Takayuki Ine | Batting: SHB Michael Field | 0-0: Called Strike 0-1: Fly out, F7 (Line Drive, 78S) | Batting: RHB Su-kweon Yu | 0-0: Called Strike 0-1: Ball 1-1: Foul Ball, location: 2F 1-2: Ball 2-2: Fly out, F9 (Flyball, 89S) | Batting: RHB Luis Ramos | 0-0: Called Strike 0-1: Fly out, F9 (Flyball, 9LM) | Bottom of the 6th over - 0 runs, 0 hits, 0 errors, 0 left on base; Calgary 3 - Mile High 6 | TOP OF THE 7TH |
---|
Calgary Cowboys batting - Pitching for Mile High Broncos : RHP Hokusai Nakashima | Pitching: LHP Domingo Morales | | Batting: RHB Luis Ibarra | 0-0: Swinging Strike 0-1: Ball 1-1: Ball 2-1: Foul Ball, location: 2F 2-2: Reached on error, E6 (Groundball, 6) | Batting: LHB Del Kennedy | 0-0: Ball 1-0: Ball 2-0: Fly out, F8 (Flyball, 8RXD) | Batting: RHB Tom Rowe | 0-0: Foul Ball, location: 2F 0-1: Swinging Strike 0-2: Ball 1-2: Ball 2-2: Ball 3-2: Grounds into double play, 6-4-3 (Groundball, 6) | Top of the 7th over - 0 runs, 0 hits, 1 error, 0 left on base; Calgary 3 - Mile High 6 | BOTTOM OF THE 7TH |
---|
Mile High Broncos batting - Pitching for Calgary Cowboys : LHP Takayuki Ine | Batting: LHB Jesús González | 0-0: Foul Ball, location: 2F 0-1: Called Strike 0-2: Ball 1-2: Foul Ball, location: 2F 1-2: Strikes out swinging | Batting: SHB Paco Martínez | 0-0: Swinging Strike 0-1: Called Strike 0-2: Ball 1-2: SINGLE (Flyball, 9LS) | Batting: LHB Tony Báez | 0-0: Ball 1-0: Fly out, F7 (Flyball, 78M) | Batting: LHB Jim Knight | 0-0: Fly out, F9 (Flyball, 9LM) | Bottom of the 7th over - 0 runs, 1 hit, 0 errors, 1 left on base; Calgary 3 - Mile High 6 | TOP OF THE 8TH |
---|
Calgary Cowboys batting - Pitching for Mile High Broncos : LHP Domingo Morales | Batting: LHB Fred Abrams | 0-0: DOUBLE (Line Drive, 8RXD) - OUT at third base trying to stretch hit. | Batting: RHB Paul Swift | 0-0: Called Strike 0-1: Ball 1-1: Fly out, F7 (Flyball, 7D) | Batting: LHB Russell Peck | 0-0: Ball 1-0: Ball 2-0: Foul Ball, location: 2F 2-1: Ball 3-1: Swinging Strike 3-2: Foul Ball, location: 2F 3-2: Strikes out swinging | Top of the 8th over - 0 runs, 1 hit, 0 errors, 0 left on base; Calgary 3 - Mile High 6 | BOTTOM OF THE 8TH |
---|
Mile High Broncos batting - Pitching for Calgary Cowboys : LHP Takayuki Ine | Batting: RHB Rodney González | 0-0: Called Strike 0-1: Foul Ball, location: 2F 0-2: SOLO HOME RUN (Flyball, 7D), Distance : 374 ft | Batting: RHB António Martínez | 0-0: Ball 1-0: Ball 2-0: Called Strike 2-1: Called Strike 2-2: Ball 3-2: Foul Ball, location: 2F 3-2: Fly out, F8 (Flyball, 8RS) | Now in CF: Miguel Pérez | | Batting: SHB Michael Field | 0-0: Called Strike 0-1: Swinging Strike 0-2: Strikes out swinging | Batting: RHB Su-kweon Yu | 0-0: Ball 1-0: Called Strike 1-1: SOLO HOME RUN (Flyball, 78XD), Distance : 419 ft | Batting: RHB Luis Ramos | 0-0: Ball 1-0: Foul Ball, location: 2F 1-1: Ball 2-1: SINGLE (Line Drive, 7S) | Batting: LHB Jesús González | 0-0: Called Strike 0-1: Foul Ball, location: 2F 0-2: Ball 1-2: SINGLE (Groundball, 4MD) Luis Ramos to second Runner from 2nd tries for 3rd, SAFE, throw made to third | Batting: SHB Paco Martínez | 0-0: Ball 1-0: Ball 2-0: Foul Ball, location: 2F 2-1: Fly out, F8 (Flyball, 8RS) | Bottom of the 8th over - 2 runs, 4 hits, 0 errors, 2 left on base; Calgary 3 - Mile High 8 | TOP OF THE 9TH |
---|
Calgary Cowboys batting - Pitching for Mile High Broncos : LHP Domingo Morales | Now at 2B: Keith Shaffer | | Batting: LHB Freddy Herrera | 0-0: Called Strike 0-1: Called Strike 0-2: Strikes out swinging | Batting: RHB Mario Sánchez | 0-0: Swinging Strike 0-1: Called Strike 0-2: Strikes out swinging | Batting: RHB Travis Colbert | 0-0: Swinging Strike 0-1: Ball 1-1: Swinging Strike 1-2: Strikes out swinging | Top of the 9th over - 0 runs, 0 hits, 0 errors, 0 left on base; Calgary 3 - Mile High 8 | |